 Dungeon Crawl Stone Soup version 0.28-a0-779-g3d1f99b579 (webtiles) character file.

Game seed: 13471274034842463401

212 freelancePsychic the Stinger (level 5, -3/35 HPs)
             Began as a Demonspawn Venom Mage on Nov 2, 2021.
             Slain by an ogre (22 damage)
             ... on level 3 of the Dungeon.
             The game lasted 00:05:24 (3809 turns).

freelancePsychic the Stinger (DsVM)                 Turns: 3809, Time: 00:05:25

Health: -3/35      AC:  4    Str:  8    XL:     5   Next: 58%
Magic:  0/9        EV: 12    Int: 18    God:
Gold:   86         SH:  0    Dex: 13    Spells: 8/10 levels left

rFire   . . .      SeeInvis .   e - +4 whip (distort)
rCold   . . .      Faith    .   (no shield)
rNeg    . . .      Spirit   .   a - +0 robe
rPois   .          Reflect  .   (no helmet)
rElec   .          Harm     .   (no cloak)
rCorr   .          Rampage  .   (no gloves)
Will    .....                   (no boots)
Stlth   ++........              (no amulet)
HPRegen 0.11/turn               (no ring)
MPRegen 0.11/turn               (no ring)

@: no status effects
A: icy blue scales 1, demonic magic 1
a: no special abilities


You were on level 3 of the Dungeon.
You visited 1 branch of the dungeon, and saw 4 of its levels.

You collected 86 gold pieces.

Inventory:

Hand Weapons
 e - a +4 whip of distortion (weapon)
Armour
 a - a +0 robe (worn)
 f - a +0 buckler
Wands
 m - a wand of mindburst (22)
Scrolls
 g - a scroll of summoning
 h - a scroll of immolation {unknown}
 j - 2 scrolls of teleportation {@r4}
 l - a scroll of acquirement {unknown}
 n - a scroll of fog
 o - a scroll of vulnerability
 p - a scroll of blinking
Potions
 b - a potion of attraction {unknown}
 c - a potion of lignification {unknown}
 i - 3 potions of curing {unknown}
 q - a potion of degeneration {unknown}
 r - a potion of haste {unknown}


   Skills:
 - Level 1.7 Dodging
 - Level 1.7 Stealth
 - Level 3.0 Spellcasting
 - Level 0.8 Transmutations
 + Level 5.8 Poison Magic


You had 8 spell levels left.
You knew the following spells:

 Your Spells              Type           Power      Damage    Failure   Level
b - Poisonous Vapours     Pois/Air       26%        N/A       8%          2

Your spell library contained the following spells:

 Spells                   Type           Power      Damage    Failure   Level
 Sting                    Tmut/Pois      56%        1d5       4%          1
 Olgreb's Toxic Radiance  Pois           23%        N/A       14%         4
 Mephitic Cloud           Conj/Pois/Air  9%         N/A       22%         3
 Cause Fear               Hex            1%         N/A       85%         4
 Dragon Form              Tmut           2%         N/A       100%        7
 Borgnjor's Revivificati  Necr           1%         N/A       100%        8
 Necromutation            Tmut/Necr      2%         N/A       100%        8
 Death's Door             Necr           1%         N/A       100%        9
 Dragon's Call            Summ           1%         N/A       100%        9


Dungeon Overview and Level Annotations

Branches:
Dungeon (4/15)
 Temple: D:4-7

Altars:

Annotations:
D:4 Blork the orc


Innate Abilities, Weirdness & Mutations

You are partially covered in icy blue scales. (AC +2)
Spells you cast may paralyse adjacent enemies.


Message History

Aim: an ogre, wielding a +0 giant club (asleep) Poisonous vapours surround the ogre!
The ogre is poisoned.
The ogre shouts!
Malevolent energies surge around you.
Casting: Poisonous Vapours (safe; 8% risk of failure)
Confirm with . or Enter, or press ? or * to list all spells.
Aiming: Poisonous Vapours (safe; 8% risk of failure)
Press: ? - help, Dir - move target, f/p - ogre
Aim: an ogre, wielding a +0 giant club (poisoned) Poisonous vapours surround the ogre!
The ogre looks even sicker.
Malevolent energies surge around you.
Casting: Poisonous Vapours (safe; 8% risk of failure)
Confirm with . or Enter, or press ? or * to list all spells.
Aiming: Poisonous Vapours (safe; 8% risk of failure)
Press: ? - help, Dir - move target, f/p - ogre
Aim: an ogre, wielding a +0 giant club (lightly wounded, very poisoned) Poisonous vapours surround the ogre!
The ogre looks even sicker.
Malevolent energies surge around you.
Casting: Poisonous Vapours (safe; 8% risk of failure)
Confirm with . or Enter, or press ? or * to list all spells.
Aiming: Poisonous Vapours (safe; 8% risk of failure)
Press: ? - help, Dir - move target, f/p - ogre
Aim: an ogre, wielding a +0 giant club (lightly wounded, very poisoned) Poisonous vapours surround the ogre!
The ogre looks as sick as possible!
Malevolent energies surge around you.
Blork the orc comes into view.
He is wielding a +1 hand axe of venom.
There is a stone staircase leading up here.
The ogre hits you with a +0 giant club!
You climb upwards.
There is a stone staircase leading down here.
Casting: Poisonous Vapours (safe; 8% risk of failure)
Confirm with . or Enter, or press ? or * to list all spells.
Aiming: Poisonous Vapours (safe; 8% risk of failure)
Press: ? - help, Dir - move target, f - ogre
Aim: an ogre, wielding a +0 giant club (severely wounded, very poisoned) Poisonous vapours surround the ogre!
The ogre looks even sicker.
Malevolent energies surge around you.
The ogre hits you with a +0 giant club!!
Ouch! That really hurt!
You die...

#.# #.##...#.........#...#.# #.#
#.#...............#..#.# ##.##
#.#..#.........#..#.)#.# ....#
#.#.....######.#..#..#.#### ....#
#.#............#<.#..#..... ....#
#.###.......####..#.....### ....#
#.#............#..+........ ....#
#.#.#.......##.#.##.....### ....#
#.#.#.....@.##.#.#......... .#.##
#.#.#....O..##.#.#......##. .#.#
#.#.########.....#.##.#....
.#.####.....# #.....#.##.#....
.#..........# #.....#.##.####.
.#>....(....# #.......[.......
.#.########### ###.#......#####
.#...........##### #.#...........
.###########.....###.#......#####


You could see an ogre (very poisoned).

Vanquished Creatures
  2 orc wizards (D:3)
  4 gnolls (D:2)
  5 adders
  3 worms
  2 dart slugs
  4 orcs (D:3)
  6 endoplasms
  2 giant cockroaches
  2 hobgoblins
  2 quokkas
  8 ball pythons
  8 bats
  4 frilled lizards
  A goblin (D:1)
  5 kobolds
  8 rats
66 creatures vanquished.

Notes
Turn   | Place    | Note
-------+----------+-------------------------------------------
     0 | D:1      | freelancePsychic the Demonspawn Venom Mage began the quest
                  | for the Orb.
     0 | D:1      | Reached XP level 1. HP: 13/13 MP: 3/3
   318 | D:1      | Gained mutation: You are partially covered in icy blue
                  | scales. (AC +2) [demonic ancestry]
   318 | D:1      | Reached XP level 2. HP: 19/19 MP: 3/5
   398 | D:1      | Found a faded altar of an unknown god.
  1121 | D:1      | Reached XP level 3. HP: 24/24 MP: 1/7
  1340 | D:2      | Learned a level 2 spell: Poisonous Vapours
  1676 | D:2      | Reached skill level 4 in Poison Magic
  1738 | D:2      | Gained mutation: Spells you cast may paralyse adjacent
                  | enemies. [demonic ancestry]
  1738 | D:2      | Reached XP level 4. HP: 11/30 MP: 3/8
  2332 | D:2      | Reached skill level 5 in Poison Magic
  3171 | D:3      | Reached XP level 5. HP: 35/35 MP: 9/9
  3795 | D:4      | Noticed an ogre
  3804 | D:4      | Noticed Blork the orc
  3809 | D:3      | Slain by an ogre

Illustrated notes

Levels and vault maps discovered:
D:1:      eino_arrival_tree_alley, layout_basic,
          chequers_ecumenical_altar_simple, st_stairs_11
D:2:      layout_basic
D:3:      layout_basic, minmay_starry_boxes
D:4:      layout_basic, ebering_ghost_gozag, minivault_27, uniq_blork_the_orc

Skill      XL: |  1  2  3  4 |
---------------+-------------+-----
Spellcasting   | 3 |  3.0
Poison Magic   | 4 5 |  5.8
Dodging        | |  1.7
Stealth        | |  1.7
Transmutations | |  0.8

Action                   |  1- 3 |  4- 6 || total
-------------------------+-------+-------++-------
Melee: Unarmed           |     5 |       ||     5
       Whip              |    39 |    60 ||    99
 Cast: Sting             |    45 |     1 ||    46
       Poisonous Vapours |     3 |    14 ||    17
  Use: Scroll            |       |     6 ||     6
 Stab: Sleeping          |     2 |     3 ||     5
       Paralysed         |       |     4 ||     4
Armor: Robe              |    18 |    13 ||    31
Dodge: Dodged            |    38 |    41 ||    79

Table legend: (Time is in decaauts)
 A = Elapsed time spent in this place.
 B = Non-inter-level travel time spent in this place.
 C = Inter-level travel time spent in this place.
 D = Time resting spent in this place.
 E = Time spent auto-exploring this place.
 F = Levels seen in this place.
 G = Mean time per level.
                   A        B        C        D        E       F      G
               +--------+--------+--------+--------+--------+-----+--------+
         Total |   3818 |   3725 |     93 |      0 |   3238 |   4 |  954.5 |
       Dungeon |   3818 |   3725 |     93 |      0 |   3238 |   4 |  954.5 |
               +--------+--------+--------+--------+--------+-----+--------+

Top non-repeatable levels by time:
     D:2: 1464 daAuts
     D:1: 1269 daAuts
     D:3: 1066 daAuts
     D:4: 17 daAuts
